 Dungeon Crawl Stone Soup version 0.32-a0-42-ga30500b4d3 (webtiles) character file.

Game seed: 16948614590663851852

38411 kae the Mimic (level 13, -8/127 HPs)
             Began as a Demonspawn Shapeshifter on Jan 30, 2024.
             Was a Believer of Ru.
             Mangled by a catoblepas (11 damage)
             ... on level 5 of the Lair of Beasts on Jan 31, 2024.
             The game lasted 00:16:21 (20426 turns).

kae the Mimic (Demonspawn Shapeshifter)            Turns: 20426, Time: 00:16:21

Health: -8/127     AC: 14    Str: 20    XL:     13   Next: 63%
Magic:  0/13       EV: 15    Int: 10    God:    Ru [**....]
Gold:   1199       SH:  0    Dex: 18    Spells: 12/12 levels left

rFire   + .          .
                       - Unarmed
rCold   . . .        (shield currently unavailable)
rNeg    . . .        a - melded +0 animal skin
rPois   +            (helmet currently unavailable)
rElec   .            m - melded +0 cloak
rCorr   .            (gloves unavailable)
SInv    .            A - melded +2 pair of boots
Will    .....        (no amulet)
Stlth   ++           F - ring of protection from fire
HPRegen 0.41/turn    O - +4 ring of protection
MPRegen 0.26/turn

%: guardian spirit
@: snake-form
A: constrict, boosted hp, large, (claws 3), (slimy green scales 2), ignite blood
2, magic shield, magic regeneration, no potion heal 1, hated by all
a: Begin Untransformation, Renounce Religion


You were on level 5 of the Lair of Beasts.
You worshipped Ru.
Ru was pleased with you.
You were an enormous serpent.
You visited 3 branches of the dungeon, and saw 19 of its levels.
You also visited: Sewer.

You collected 1199 gold pieces.


Innate Abilities, Weirdness & Mutations

You are an enormous serpent.
You have a powerful constriction melee attack.
Your maximum health is increased.
Your armour is entirely melded.
You are incapable of wielding weapons or throwing items.
((You have claws for hands.))
((You are mostly covered in slimy green scales. (AC +3)))
Your demonic aura often causes spilled blood to erupt in flames.
When hurt, damage is shared between your health and your magic reserves.
You regenerate magic rapidly.
Potions are less effective at restoring your health.
You are hated by all.


   Skills:
 + Level 11.2 Fighting
 + Level 9.3 Dodging
 + Level 11.0 Unarmed Combat
 - Level 2.0 Alchemy
 + Level 12.7 Shapeshifting


You had 12 spell levels left.
You didn't know any spells.
Your spell library contained the following spells:

 Spells                   Type           Power      Damage    Failure   Level
 Sting                    Conj/Alch      8%         1d3       26%         1
 Magic Dart               Conj           0%         1d3       36%         1
 Shock                    Conj/Air       0%         1d3       36%         1
 Blink                    Tloc           0%         N/A       50%         2
 Ensorcelled Hibernation  Hex/Ice        0%         N/A       50%         2
 Lesser Beckoning         Tloc           0%         N/A       50%         2
 Momentum Strike          Conj/Tloc      0%         3d8       50%         2
 Dazzling Flash           Conj/Hex       0%         N/A       75%         3
 Fugue of the Fallen      Necr           0%         N/A       75%         3
 Gell's Gravitas          Tloc           0%         N/A       75%         3
 Hailstorm                Conj/Ice       0%         3d5       75%         3
 Swiftness                Air            0%         N/A       75%         3
 Teleport Other           Tloc           0%         N/A       75%         3
 Airstrike                Air            0%         2d(0-16)  98%         4
 Anguish                  Hex/Necr       0%         N/A       98%         4
 Orb of Destruction       Conj           0%         9d5       100%        7
 Call Imp                 Summ           Unusable   N/A       N/A         2
 Summon Ice Beast         Ice/Summ       Unusable   N/A       N/A         3
 Sculpt Simulacrum        Ice/Alch       Unusable   N/A       N/A         6

Inventory:

Missiles
 b - 4 throwing nets {=f!f}
 g - 137 stones (quivered)
 j - 25 poisoned darts
 r - 6 curare-tipped darts {=f}
 t - 4 boomerangs
 Q - 5 javelins
Armour
 a - a +0 animal skin (melded)
 i - a +1 pair of gloves
   (You found it on level 3 of the Dungeon)
 m - a +0 cloak (melded)
   (You found it on level 1 of the Dungeon)
 A - a +2 pair of boots (melded)
   (You found it on level 8 of the Dungeon)
 X - a +0 hat of willpower
   (You took it off Gastronok on level 2 of the Lair of Beasts)
Magical Staves
 v - a staff of alchemy {!a}
   (You found it on level 9 of the Dungeon)
 W - a staff of fire {!a}
   (You found it on level 3 of the Lair of Beasts)
Jewellery
 C - a ring of ice
   (You found it on level 10 of the Dungeon)
 F - a ring of protection from fire (left hand)
   (You found it on level 1 of the Dungeon)
 O - a +4 ring of protection (right hand)
   (You found it on level 6 of the Dungeon)
 T - an amulet of faith {!P}
   (You found it on level 4 of the Lair of Beasts)
Talismans
 c - a beast talisman
 d - a flux talisman
 H - a serpent talisman (active)
   (You found it on level 11 of the Dungeon)
 J - a maw talisman
   (You found it on level 11 of the Dungeon)
 U - a granite talisman
   (You found it on level 2 of the Lair of Beasts)
Wands
 f - a wand of digging (13)
   (You found it on level 4 of the Dungeon)
 s - a wand of quicksilver (2)
   (You found it on level 5 of the Dungeon)
 x - a wand of roots (28)
   (You found it on level 6 of the Dungeon)
 K - a wand of polymorph (8)
   (You found it on level 12 of the Dungeon)
 P - a wand of mindburst (16)
   (You took it off Sonja on level 13 of the Dungeon)
 S - a wand of flame (25)
   (You found it on level 2 of the Lair of Beasts)
 Z - a wand of paralysis (6)
   (You found it on level 4 of the Lair of Beasts)
Scrolls
 u - 2 scrolls of enchant weapon
 y - 7 scrolls of teleportation {@r4}
 z - 3 scrolls of identify {@r1}
 L - a scroll of vulnerability {!r!r}
 R - a scroll of enchant armour
 V - a scroll of amnesia
Potions
 e - 4 potions of attraction {!q}
 h - a potion of cancellation
 k - a potion of mutation {!q}
 l - 4 potions of degeneration {!q}
 n - 5 potions of enlightenment
 o - 2 potions of resistance
 p - 9 potions of curing {@q1}
 q - 5 potions of heal wounds {@q2}
 w - a potion of ambrosia
 B - a potion of might
 D - 2 potions of invisibility
 E - a potion of brilliance
 G - a potion of lignification {!q}
 M - a potion of haste {@q3}
 Y - a potion of berserk rage {!q}
Miscellaneous
 I - a lightning rod (4/4)
   (You found it on level 11 of the Dungeon)
 N - a phantom mirror
   (You found it on level 13 of the Dungeon)

Dungeon Overview and Level Annotations

Branches:
Dungeon (13/15) Zot: 25433  Temple (1/1) D:5 Zot: 5975    Lair (5/5) D:8 Zot: 24972
 Shoals (0/4) Lair:2        Snake (0/4) Lair:3          Orc (0/2) D:12
  Sewer (visited)
  Slime: Lair:4-5    Vaults: D:13-14

Altars:
Ashenzari
Cheibriados
Dithmenos
Gozag
Kikubaaqudgha
Makhleb
Nemelex Xobeh
Okawaru
Qazlal
Ru
Sif Muna
Trog
Uskayaw
Vehumet
Wu Jian
Xom

Shops:
D:9 *

Annotations:
D:3 1 runed translucent door, Crazy Yiuf
D:4 Duvessa
D:5 2 transporters
D:7 3 runed translucent doors, bmj180's ghost, novice HuCj
D:11 2 transporters, bmj180's ghost, journeyman HuCj

##... #....
#$..# #.... #
..P.#
#..#.P.###
#.....YY##P.#.
#....YSYY.....
##...YYY#.....
#....YJ.. ...
#.......... .
#.......8.....
#............8
######....8...
###......


You could see a catoblepas, 8 yaks and a jelly.


Message History

The yak bellows!
You are engulfed in calcifying dust.
The fungus is engulfed in calcifying dust.
A nearby fungus withers and dies.
The yak gores you. The yak gores you but does no damage. The yak gores you.
The yak gores you but does no damage.
The yak is engulfed in blazing flames.
The yak gores you!
The catoblepas breathes a plume of calcifying dust at you.
The blast of calcifying dust hits you.
* * * LOW HITPOINT WARNING * * *
You are engulfed in calcifying dust.
The yak stops moving altogether!
The yak gores you!
* * * LOW HITPOINT WARNING * * *
The yak gores you.
* * * LOW HITPOINT WARNING * * *
The yak gores you but does no damage. x2
You redirect the catoblepas's attack!
The catoblepas gores you!!
* * * LOW HITPOINT WARNING * * *
You are engulfed in calcifying dust.
The yak gores you.
* * * LOW HITPOINT WARNING * * *
The yak gores you but does no damage. The yak gores you.
* * * LOW HITPOINT WARNING * * *
The yak gores you!
* * * LOW HITPOINT WARNING * * *
The yak gores you but does no damage. The yak gores you!
* * * LOW HITPOINT WARNING * * *
The catoblepas breathes a plume of calcifying dust at you.
The blast of calcifying dust hits you.
* * * LOW HITPOINT WARNING * * *
The blast of calcifying dust hits the yak.
The yak gores you!
* * * LOW HITPOINT WARNING * * *
The yak gores you!
* * * LOW HITPOINT WARNING * * *
The yak gores you but does no damage. The catoblepas gores you!
* * * LOW HITPOINT WARNING * * *
The yak gores you!
* * * LOW HITPOINT WARNING * * *
The yak gores you.
The yak is engulfed in calcifying dust.
The yak is moving more slowly.
The yak gores you but does no damage. The yak barely misses you.
The yak gores you!
* * * LOW HITPOINT WARNING * * *
The yak gores you but does no damage. x2
The yak is engulfed in calcifying dust.
The yak stops moving altogether!
The catoblepas gores you!
* * * LOW HITPOINT WARNING * * *
The yak is stunned by your conviction and fails to attack.
The yak is engulfed in calcifying dust.
The yak gores you but does no damage.
The catoblepas breathes a plume of calcifying dust at you.
The blast of calcifying dust hits you but does no damage.
The blast of calcifying dust hits the yak!
The yak is stunned by your conviction and fails to attack.
The yak gores you but does no damage.
You are engulfed in calcifying dust.
The yak gores you.
* * * LOW HITPOINT WARNING * * *
The jelly jiggles.
The yak gores you but does no damage. x2; The yak gores you.
* * * LOW HITPOINT WARNING * * *
The catoblepas gores you!
* * * LOW HITPOINT WARNING * * *
You are engulfed in calcifying dust.
The yak gores you but does no damage. x5; The catoblepas gores you!
* * * LOW HITPOINT WARNING * * *
You turn to flesh and can move again.
Unknown command.
Unknown command. 😱 HP[-93] MP[-11]
You take 93 damage, and now have 1/127 hp.
MASSIVE DAMAGE!! (PAUSE)
You lost 11 mp, and now have 0/13 mp.
Unknown command.
Unknown command.
Unknown command.
Okay, then.
Unknown command.
Okay, then.
Okay, then.
Okay, then.
Okay, then.
Lash: -) Nothing wielded
Press: ? - help, Dir - move target, f - yak
Aim: a yak (about 20% to evade your hands)
Okay, then.
Okay, then.
Okay, then.
Unknown command.
Unknown command.
Your system partially rejects the healing.
You feel much better.
You are engulfed in calcifying dust.
The yak misses you. The yak gores you.
* * * LOW HITPOINT WARNING * * *
The yak closely misses you. x2; The yak gores you!
* * * LOW HITPOINT WARNING * * *
The catoblepas is engulfed in blazing flames.
The catoblepas gores you!
You die...

Skill      XL: |  1  2  3  4  5  6  7  8  9 10 11 12 13 |
---------------+----------------------------------------+-----
Shapeshifting  | 3 4 5 6 7 9 10 11 12 | 12.7
Unarmed Combat | 3 4 5 6 7 8 9 10 11 | 11.0
Fighting       | 2 3 4 5 7 8 9 10 11 | 11.2
Dodging        | 3 8 9 |  9.3
Alchemy        | 2 |  2.0

Action                     |  1- 3 |  4- 6 |  7- 9 | 10-12 | 13-15 || total
---------------------------+-------+-------+-------+-------+-------++-------
  Melee: Unarmed           |   100 |   237 |   218 |   505 |   178 ||  1238
         Punch             |     5 |     6 |    10 |       |       ||    21
         Constrict         |       |       |       |    50 |    46 ||    96
 Invoke: Sacrifice Love    |       |       |       |     1 |       ||     1
         Sacrifice Purity  |       |       |       |       |     1 ||     1
  Evoke: Wand              |       |       |     6 |       |       ||     6
    Use: Potion            |     1 |     3 |     5 |       |     1 ||    10
         Scroll            |       |    11 |     4 |     7 |     2 ||    24
   Stab: Sleeping          |     1 |       |       |     5 |     1 ||     7
         Distracted        |       |       |       |       |     2 ||     2
         Petrified         |       |       |       |       |     2 ||     2
 Armour: Animal skin       |    47 |   143 |   153 |       |       ||   343
         Skin              |    14 |    26 |       |   421 |   206 ||   667
  Dodge: Dodged            |    62 |   127 |    98 |   244 |   138 ||   669
   Form: Flux              |       |       |       |     1 |       ||     1
         Serpent           |       |       |       |     1 |       ||     1

Levels and vault maps discovered:
D:1:      mrwooster_arrival_statue, layout_rooms
D:2:      layout_loops_ring
D:3:      layout_basic, chequers_ecumenical_altar_simple, st_stairs_1,
          uniq_robin, uniq_terence, uniq_crazy_yiuf_cottage
D:4:      layout_rooms, grunt_ashenzari_visionary
          [grunt_ashenzari_visionary_shoals, grunt_ashenzari_visionary_snake],
          gup_sewer_entry_bubbles, uniq_edmund, uniq_duvessa
D:5:      gammafunk_wand_slinger, layout_loops_ring,
          nicolae_overflow_crystal_walls,
          mainiacjoe_overflow_concentric_impassable,
          minmay_temple_entry_from_below_a, uniq_grinder, uniq_menkaure
D:6:      layout_cave_pools, mainiacjoe_overflow_tiny_flanked,
          lemuel_tele_altar, lemuel_round_altar, uniq_sigmund
D:7:      layout_cave_pods, gammafunk_ghost_split, nicolae_figureground_pulse
D:8:      layout_loops_corners, nicolae_overflow_hidden_temple,
          mainiacjoe_overflow_24_doors, lair_entry_dummy
D:9:      layout_layer_cave, nicolae_shop_overcharged_wands, uniq_prince_ribbit1
D:10:     layout_basic, mainiacjoe_overflow_paths, nicolae_sextant,
          nicolae_kite_square_tiling_tiny
D:11:     minmay_inner_zag, layout_loops_corners,
          gammafunk_ghost_wrathful_warriors, lightli_elemental_guards
D:12:     layout_loops_corners, orc_0_dummy
D:13:     layout_irregular_city, serial_rivers, chequers_serial_rivers_micro_a,
          chequers_serial_rivers_room_a, chequers_serial_rivers_micro_e,
          chequers_serial_rivers_large_a, chequers_serial_rivers_micro_e,
          chequers_serial_rivers_micro_c, uniq_urug, uniq_sonja
Temple:   nicolae_temple_ecumenical_triangle
Lair:1:   layout_layer_cave
Lair:2:   layout_roguey, elwin_shoals_entry_stream, minivault_26, uniq_gastronok
Lair:3:   layout_hall_layers, nicolae_snake_entry_warm_welcome, uniq_josephine,
          uniq_nergalle
Lair:4:   layout_regular_city
Lair:5:   evilmike_catoblepas_cave, layout_loops_ring,
          minmay_slime_entry_pillars, kennysheep_snail_temple, uniq_kirke

Notes
Turn   | Place    | Note
-------+----------+-------------------------------------------
     0 | D:1      | kae the Demonspawn Shapeshifter began the quest for the
                  | Orb.
     0 | D:1      | Reached XP level 1. HP: 15/15 MP: 1/1
     0 | D:1      | magus.rc [v1.11.3]
   154 | D:1      | Gained mutation: You regenerate magic rapidly. [demonic
                  | ancestry]
   154 | D:1      | Reached XP level 2. HP: 19/21 MP: 2/2
   168 | D:1      | You pick up a book of Dreams and begin reading...
   168 | D:1      | You add the spells Ensorcelled Hibernation, Fugue of the
                  | Fallen and Anguish to your library.
   200 | D:1      | Reached skill level 3 in Shapeshifting
   501 | D:2      | Reached skill level 3 in Unarmed Combat
   555 | D:2      | You pick up a book of Spatial Translocations and begin
                  | reading...
   555 | D:2      | You add the spells Blink, Momentum Strike and Lesser
                  | Beckoning to your library.
   648 | D:2      | You pick up a book of Minor Magic and begin reading...
   648 | D:2      | You add the spells Magic Dart and Call Imp to your library.
   781 | D:2      | Gained mutation: You have sharp fingernails. [demonic
                  | ancestry]
   781 | D:2      | Reached XP level 3. HP: 27/27 MP: 3/3
   839 | D:2      | HP: 8/40 [gnoll/+0 flail (6)]
   841 | D:2      | Reached skill level 2 in Fighting
   841 | D:2      | Gained mutation: You are partially covered in slimy green
                  | scales. (AC +2) [demonic ancestry]
   841 | D:2      | Reached XP level 4. HP: 10/33 MP: 4/4
  1327 | D:3      | Noticed Robin
  1331 | D:3      | Noticed Terence
  1563 | D:3      | Killed Terence
  1564 | D:3      | Reached skill level 4 in Shapeshifting
  1566 | D:3      | Gained mutation: You are mostly covered in slimy green
                  | scales. (AC +3) [demonic ancestry]
  1566 | D:3      | Reached XP level 5. HP: 39/39 MP: 5/5
  1573 | D:3      | Killed Robin
  1801 | D:3      | HP: 8/39 [orc/+0 trident (2)]
  2022 | D:3      | Found a faded altar of an unknown god.
  2358 | D:3      | Found a runed translucent door.
  2359 | D:3      | Noticed Crazy Yiuf
  2459 | D:4      | Reached skill level 3 in Fighting
  2459 | D:4      | Gained mutation: You have very sharp fingernails. [demonic
                  | ancestry]
  2459 | D:4      | Reached XP level 6. HP: 34/47 MP: 6/6
  2660 | D:4      | Noticed Edmund
  2676 | D:4      | HP: 10/47 [Edmund/+1 dire flail of protection (5)]
  2683 | D:4      | Killed Edmund
  2684 | D:4      | Reached skill level 4 in Unarmed Combat
  2746 | D:4      | Reached skill level 5 in Shapeshifting
  2752 | D:4      | Noticed Duvessa
  2764 | D:4      | Found a broken altar of Ashenzari.
  2768 | D:4      | Saw a vision of the Shoals and the Snake Pit.
  2768 | D:4      | Noticed a merfolk siren
  2768 | D:4      | Noticed a mana viper
  2768 | D:4      | Noticed a snapping turtle
  2768 | D:4      | Noticed a black mamba
  2768 | D:4      | Noticed a harpy
  2768 | D:4      | Noticed a naga
  2768 | D:4      | Noticed a merfolk siren
  2768 | D:4      | Noticed a naga
  2768 | D:4      | Noticed a merfolk impaler
  2768 | D:4      | Noticed a naga warrior
  2768 | D:4      | Noticed a water elemental
  2768 | D:4      | Noticed a mana viper
  2768 | D:4      | Noticed a skyshark
  2768 | D:4      | Noticed a merfolk siren
  2768 | D:4      | Noticed an anaconda
  2768 | D:4      | Noticed an anaconda
  2768 | D:4      | Noticed a merfolk
  2768 | D:4      | Noticed a guardian serpent
  2769 | D:4      | Noticed a merfolk siren
  2906 | D:4      | Found a glowing drain.
  2922 | Sewer    | Entered a sewer
  3062 | Sewer    | Gained mutation: When hurt, damage is shared between your
                  | health and your magic reserves. [demonic ancestry]
  3062 | Sewer    | Reached XP level 7. HP: 40/53 MP: 7/7
  3398 | D:5      | Entered Level 5 of the Dungeon
  3437 | D:5      | You pick up a book of the Tundra and begin reading...
  3437 | D:5      | You add the spells Hailstorm, Summon Ice Beast and Sculpt
                  | Simulacrum to your library.
  3482 | D:5      | Found a bloodstained altar of Trog.
  3496 | D:5      | Noticed Grinder
  3550 | D:5      | Paralysed by Grinder for 5 turns
  3556 | D:5      | Killed Grinder
  3557 | D:5      | Reached skill level 4 in Fighting
  3592 | D:5      | You pick up a book of Displacement and begin reading...
  3592 | D:5      | You add the spells Gell's Gravitas and Teleport Other to
                  | your library.
  3817 | D:5      | Reached skill level 6 in Shapeshifting
  3847 | D:5      | Found a staircase to the Ecumenical Temple.
  3919 | D:5      | Noticed Menkaure
  3929 | D:5      | Killed Menkaure
  3930 | D:5      | Reached skill level 5 in Unarmed Combat
  3930 | D:5      | Reached XP level 8. HP: 55/61 MP: 6/8
  3973 | D:5      | Found a radiant altar of Vehumet.
  3995 | D:5      | Found a transporter.
  4036 | D:5      | Found a transporter.
  4316 | D:6      | Reached skill level 5 in Fighting
  4534 | D:6      | Reached skill level 7 in Shapeshifting
  4638 | D:6      | Found an ornate altar of the Wu Jian Council.
  4723 | Temple   | Entered the Ecumenical Temple
  4742 | Temple   | Became a worshipper of Ru the Awakened
  4803 | D:6      | Found a shimmering blue altar of Sif Muna.
  4953 | D:6      | Found a burning altar of Makhleb.
  4953 | D:6      | Noticed Sigmund
  4962 | D:6      | Killed Sigmund
  4969 | D:6      | Reached skill level 6 in Unarmed Combat
  4969 | D:6      | Reached XP level 9. HP: 55/69 MP: 7/9
  5386 | D:7      | Found a runed translucent gate.
  5386 | D:7      | Found a runed translucent gate.
  5386 | D:7      | Found a runed translucent gate.
  5386 | D:7      | Noticed bmj180's ghost (novice HuCj)
  5423 | D:7      | Noticed a fire crab
  5442 | D:7      | a fire crab changed into a basilisk
  5596 | D:7      | Reached skill level 6 in Fighting
  5990 | D:7      | You fall into a shaft and drop 3 floors!
  5990 | D:10     | Entered Level 10 of the Dungeon
  6042 | D:10     | Reached skill level 8 in Shapeshifting
  6066 | D:10     | HP: 16/71 [yak (10)]
  6462 | D:10     | Reached skill level 7 in Fighting
  6462 | D:10     | Reached skill level 7 in Unarmed Combat
  6466 | D:10     | Reached skill level 9 in Shapeshifting
  6484 | D:10     | Gained mutation: You have claws for hands. [demonic
                  | ancestry]
  6484 | D:10     | Reached XP level 10. HP: 25/79 MP: 7/10
  6663 | D:10     | You pick up a book of Air and begin reading...
  6663 | D:10     | You add the spells Shock, Swiftness and Airstrike to your
                  | library.
  7154 | D:7      | a fire bat changed into a two-headed ogre
  7154 | D:7      | Noticed a two-headed ogre (shapeshifter)
  7359 | D:7      | Noticed a cane toad
  7478 | D:8      | Found a staircase to the Lair.
  7598 | D:8      | Noticed a cyclops
  7608 | D:8      | Killed a cyclops
  7882 | D:8      | Found a shadowy altar of Dithmenos.
  8498 | D:9      | Found Puniuw's Overcharged Wands.
  8502 | D:9      | Noticed Prince Ribbit
  8524 | D:9      | Killed Prince Ribbit
  8979 | D:9      | Reached skill level 8 in Fighting
  9352 | D:9      | Reached skill level 10 in Shapeshifting
  9963 | D:10     | Reached skill level 8 in Unarmed Combat
 10015 | D:10     | You add the spells Sting, Dazzling Flash and Orb of
                  | Destruction to your library.
 10015 | D:10     | Got Vehumet's Information on Trauma
 10129 | D:10     | Noticed a deep elf pyromancer
 10139 | D:10     | Killed a deep elf pyromancer
 10236 | D:10     | Found a shimmering altar of Xom.
 10446 | D:11     | Noticed a manticore
 10454 | D:11     | Killed a manticore
 10477 | D:11     | Noticed a gargoyle
 10490 | D:11     | Killed a gargoyle
 10491 | D:11     | Gained mutation: Your demonic aura sometimes causes spilled
                  | blood to erupt in flames. [demonic ancestry]
 10491 | D:11     | Reached XP level 11. HP: 42/87 MP: 5/11
 10789 | D:11     | Noticed a two-headed ogre
 10793 | D:11     | Killed a two-headed ogre
 11046 | D:11     | Reached skill level 11 in Shapeshifting
 11270 | D:11     | Reached skill level 9 in Fighting
 11426 | D:11     | Found a transporter.
 11426 | D:11     | Noticed a two-headed ogre
 11429 | D:11     | Noticed a tengu warrior
 11429 | D:11     | Noticed bmj180's ghost (journeyman HuCj)
 11435 | D:11     | Found a transporter.
 11448 | D:11     | Found a bloodstained altar of Trog.
 11460 | D:11     | Noticed a two-headed ogre
 11595 | D:11     | Found a large runed translucent door.
 11596 | D:11     | Found a large runed translucent door.
 12609 | D:12     | Found a staircase to the Orcish Mines.
 13137 | D:12     | Reached skill level 2 in Dodging
 13196 | D:12     | Noticed a deep elf pyromancer
 13200 | D:12     | Killed a deep elf pyromancer
 13239 | D:12     | Reached skill level 9 in Unarmed Combat
 13497 | D:12     | Noticed a deep elf pyromancer
 13507 | D:12     | Killed a deep elf pyromancer
 13700 | D:12     | Noticed a two-headed ogre
 13718 | D:12     | Killed a two-headed ogre
 13719 | D:12     | Reached skill level 3 in Dodging
 13827 | D:13     | Noticed a boulder beetle
 13841 | D:13     | Killed a boulder beetle
 14168 | D:13     | Noticed a deep elf pyromancer
 14172 | D:13     | Killed a deep elf pyromancer
 14252 | D:13     | Gained mutation: Your demonic aura often causes spilled
                  | blood to erupt in flames. [demonic ancestry]
 14252 | D:13     | Reached XP level 12. HP: 97/97 MP: 12/12
 14407 | D:13     | Reached skill level 12 in Shapeshifting
 14521 | D:13     | Noticed Sonja
 14528 | D:13     | Killed Sonja
 14529 | D:13     | Reached skill level 10 in Fighting
 14529 | D:13     | Reached skill level 4 in Dodging
 15118 | D:13     | Noticed Urug
 15126 | D:13     | Killed Urug
 15127 | D:13     | Reached skill level 5 in Dodging
 15127 | D:13     | Reached skill level 10 in Unarmed Combat
 15382 | Lair:1   | Entered Level 1 of the Lair of Beasts
 15383 | Lair:1   | magus.rc [v1.11.3]
 15394 | Lair:1   | Identified the +0 trident "Woil" {vamp, rF+ Stlth+}
 15432 | Lair:1   | Gained mutation: You are hated by all. [Ru sacrifice]
 15432 | Lair:1   | Reached * piety under Ru
 15432 | Lair:1   | Reached ** piety under Ru
 15499 | Lair:1   | Reached skill level 6 in Dodging
 15626 | Lair:1   | Reached skill level 7 in Dodging
 16686 | Lair:2   | Reached skill level 8 in Dodging
 16827 | Lair:2   | You pick up a book of Dreams and begin reading...
 16861 | Lair:2   | Reached skill level 1 in Alchemy
 17112 | Lair:2   | Noticed Gastronok
 17137 | Lair:2   | Killed Gastronok
 17456 | Lair:2   | You fall into a shaft and drop 2 floors!
 17460 | Lair:3   | Found a staircase to the Snake Pit.
 17463 | Lair:3   | Reached skill level 2 in Alchemy
 17562 | Lair:3   | Reached XP level 13. HP: 100/104 MP: 9/13
 17779 | Lair:3   | Noticed Nergalle
 17786 | Lair:3   | Killed Nergalle
 17848 | Lair:3   | Gained mutation: Potions are less effective at restoring
                  | your health. [Ru sacrifice]
 17918 | Lair:3   | Noticed Josephine
 17925 | Lair:3   | Killed Josephine
 18393 | Lair:2   | Found a staircase to the Shoals.
 19301 | Lair:4   | Reached skill level 9 in Dodging
 19395 | Lair:4   | Reached skill level 11 in Fighting
 20037 | Lair:4   | Reached skill level 11 in Unarmed Combat
 20401 | Lair:5   | Entered Level 5 of the Lair of Beasts
 20421 | Lair:5   | HP: 27/127 [catoblepas (5)]
 20422 | Lair:5   | HP: 12/127 [catoblepas (7)]
 20424 | Lair:5   | HP: 4/127 [catoblepas (7)]
 20425 | Lair:5   | HP: 1/127 [catoblepas (3)]
 20426 | Lair:5   | Mangled by a catoblepas

Vanquished Creatures
  Gastronok (Lair:2)
  Josephine (Lair:3)
  2 two-headed ogres
  A boulder beetle (D:13)
  Urug (D:13)
  Sonja (D:13)
  Nergalle (Lair:3)
  4 deep elf pyromancers
  3 manticores
  An ugly thing (D:13)
  A salamander (Lair:3)
  2 slime creatures (D:13)
  5 cyclopes
  2 black mambas
  8 cane toads
  2 gargoyles
  3 elephants (Lair:4)
  4 rime drakes
  5 komodo dragons
  3 unseen horrors
  A tengu conjurer (D:13)
  4 merfolk (Lair:2)
  A troll (D:11)
  2 polar bears
  Grinder (D:5)
  6 blink frogs
  Prince Ribbit (D:9)
  A shadow (D:13)
  9 wraiths
  Sigmund (D:6)
  54 yaks
  3 wyverns
  A fire elemental (D:11)
  A vampire (D:11)
  3 steam dragons
  3 vampire mosquitoes (D:12)
  Menkaure (D:5)
  Edmund (D:4)
  2 acid dragons
  13 water moccasins
  A black bear (D:7)
  An ice beast (D:6)
  A sky beast (D:6)
  4 laughing skulls
  2 orc warriors (D:9)
  2 centaurs
  10 wolves
  3 kobold brigands
  12 bullfrogs
  An earth elemental (D:11)
  3 scorpions
  2 howler monkeys
  2 lava snakes (Lair:3)
  2 bombardier beetles (D:5)
  4 hounds
  2 orc priests
  A sleepcap (D:4)
  Terence (D:3)
  3 iguanas (D:5)
  12 orc wizards
  Robin (D:3)
  7 gnolls
  5 adders
  3 river rats
  A shadow imp (D:8)
  2 dart slugs (D:3)
  3 ribbon worms
  28 orcs
  3 bats
  8 endoplasms
  4 giant cockroaches
  14 goblins
  10 hobgoblins
  4 jackals (D:1)
  5 quokkas
  4 ball pythons
  5 frilled lizards
  22 kobolds
  5 rats
363 creatures vanquished.

Vanquished Creatures (others)
  An air elemental (D:11)
  A water elemental (D:11)
  A wraith (Lair:3)
  A yak (Lair:4)
4 creatures vanquished.

Grand Total: 367 creatures vanquished

Table legend:
 A = Non-vault XP
 B = Vault XP
 C = Vault XP percentage of total XP
 D = Non-vault monster count
 E = Vault monster count
 F = Vault count percentage of total count
                 A         B        C        D         E       F
            +---------+---------+-------+---------+---------+-------
      Total |   43737 |   11137 |  20.3 |     308 |      57 |  15.6
            +---------+---------+-------+---------+---------+-------
        D:1 |      28 |       0 |   0.0 |      17 |       0 |   0.0
        D:2 |      97 |       6 |   5.8 |      21 |       4 |  16.0
        D:3 |     106 |      71 |  40.1 |      24 |      11 |  31.4
        D:4 |     195 |     186 |  48.8 |      14 |       6 |  30.0
        D:5 |     282 |     459 |  61.9 |      11 |       2 |  15.4
        D:6 |    1080 |     214 |  16.5 |      23 |       1 |   4.2
        D:7 |     473 |       0 |   0.0 |       5 |       0 |   0.0
        D:8 |     648 |       0 |   0.0 |       4 |       0 |   0.0
        D:9 |    2045 |     277 |  11.9 |      23 |       1 |   4.2
       D:10 |    3990 |       0 |   0.0 |      30 |       0 |   0.0
       D:11 |    2372 |    2198 |  48.1 |      11 |       7 |  38.9
       D:12 |    4575 |       0 |   0.0 |      11 |       0 |   0.0
       D:13 |    5317 |    1570 |  22.8 |      13 |       2 |  13.3
     Lair:1 |    5887 |       0 |   0.0 |      29 |       0 |   0.0
     Lair:2 |    3380 |    2939 |  46.5 |      15 |       6 |  28.6
     Lair:3 |    5154 |    3082 |  37.4 |      24 |       9 |  27.3
     Lair:4 |    7062 |       0 |   0.0 |      27 |       0 |   0.0
     Lair:5 |    1046 |       0 |   0.0 |       6 |       0 |   0.0
      Sewer |       0 |     135 | 100.0 |       0 |       8 | 100.0
            +---------+---------+-------+---------+---------+-------

Skill      XL: |  1  2  3  4  5  6  7  8  9 10 11 12 13 |
---------------+----------------------------------------+-----
Shapeshifting  | 3 4 5 6 7 9 10 11 12 | 12.7
Unarmed Combat | 3 4 5 6 7 8 9 10 11 | 11.0
Fighting       | 2 3 4 5 7 8 9 10 11 | 11.2
Dodging        | 3 8 9 |  9.3
Alchemy        | 2 |  2.0

Action                     |  1- 3 |  4- 6 |  7- 9 | 10-12 | 13-15 || total
---------------------------+-------+-------+-------+-------+-------++-------
  Melee: Unarmed           |   100 |   237 |   218 |   505 |   178 ||  1238
         Punch             |     5 |     6 |    10 |       |       ||    21
         Constrict         |       |       |       |    50 |    46 ||    96
 Invoke: Sacrifice Love    |       |       |       |     1 |       ||     1
         Sacrifice Purity  |       |       |       |       |     1 ||     1
  Evoke: Wand              |       |       |     6 |       |       ||     6
    Use: Potion            |     1 |     3 |     5 |       |     1 ||    10
         Scroll            |       |    11 |     4 |     7 |     2 ||    24
   Stab: Sleeping          |     1 |       |       |     5 |     1 ||     7
         Distracted        |       |       |       |       |     2 ||     2
         Petrified         |       |       |       |       |     2 ||     2
 Armour: Animal skin       |    47 |   143 |   153 |       |       ||   343
         Skin              |    14 |    26 |       |   421 |   206 ||   667
  Dodge: Dodged            |    62 |   127 |    98 |   244 |   138 ||   669
   Form: Flux              |       |       |       |     1 |       ||     1
         Serpent           |       |       |       |     1 |       ||     1

Illustrated notes

Table legend:
 A = Kills in this place as a percentage of kills in the entire game.
 B = Kills by you in this place as a percentage of kills by you in the entire game.
 C = Kills by friends in this place as a percentage of kills by friends in the entire game.
 D = Other kills in this place as a percentage of other kills in the entire game.
 E = Experience gained in this place as a percentage of experience gained in the entire game.
 F = Experience gained in this place divided by the number of levels of this place that you have seen.
                   A       B       C       D       E      F
               +-------+-------+-------+-------+-------+----------------------
         Total | 100.0 | 100.0 |   N/A | 100.0 | 100.0 | 2743.7
       Dungeon |  66.0 |  66.4 |   N/A |   0.0 |  47.7 | 2014.5
          Lair |  31.8 |  31.4 |   N/A | 100.0 |  52.0 | 5710.0
         Sewer |   2.2 |   2.2 |   N/A |   0.0 |   0.2 | 135.0
               +-------+-------+-------+-------+-------+----------------------

Table legend: (Time is in decaauts)
 A = Elapsed time spent in this place.
 B = Non-inter-level travel time spent in this place.
 C = Inter-level travel time spent in this place.
 D = Time resting spent in this place.
 E = Time spent auto-exploring this place.
 F = Levels seen in this place.
 G = Mean time per level.
                   A        B        C        D        E       F      G
               +--------+--------+--------+--------+--------+-----+--------+
         Total |  20376 |  19598 |    778 |   1302 |  15523 |  20 | 1018.8 |
       Dungeon |  15047 |  14399 |    648 |    852 |  11408 |  13 | 1157.5 |
        Temple |     24 |     21 |      3 |      0 |      0 |   1 |   24.0 |
          Lair |   5026 |   4899 |    127 |    394 |   3947 |   5 | 1005.2 |
         Sewer |    277 |    277 |      0 |     56 |    168 |   1 |  277.0 |
               +--------+--------+--------+--------+--------+-----+--------+

Top non-repeatable levels by time:
    D:11: 2137 daAuts
     D:9: 1738 daAuts
  Lair:2: 1527 daAuts
    D:10: 1481 daAuts
    D:13: 1476 daAuts
  Lair:1: 1453 daAuts
    D:12: 1246 daAuts
  Lair:4: 1185 daAuts
     D:8: 1029 daAuts
     D:3: 1027 daAuts
     D:7: 1015 daAuts
     D:6: 921 daAuts
     D:2: 867 daAuts
     D:5: 854 daAuts
  Lair:3: 838 daAuts
